[Event "Early-Titled-Tuesday-Blitz-March-19-2024"]
[Site "Chess.com"]
[Date "2024.03.19"]
[Round "2"]
[White "Binary010"]
[Black "viktorskliarov"]
[Result "1/2-1/2"]
[WhiteElo "2824"]
[BlackElo "2593"]
[TimeControl "180+1"]
[EndTime "8:18:54 PDT"]
[Termination "Game drawn by repetition"]

1. e4 c5 2. Nf3 Nc6 3. d4 cxd4 4. Nxd4 Nf6 5. Nc3 e5 6. Ndb5 d6 7. Bg5 a6 8. Na3 b5 9. Nab1 Be7 10. Bxf6 Bxf6 11. a4 b4 12. Nd5 Bg5 13. Bc4 O-O 14.
O-O Be6 15. Qd3 Bxd5 16. Bxd5 Qb6 17. Rd1 Rac8 18. Bc4 a5 19. c3 bxc3 20. bxc3 Nd8 21. Na3 Ne6 22. Bd5 Nf4 23. Qb5 Qxb5 24. axb5 Ne2+ 25.
Kf1 Nxc3 26. Rd3 Na4 27. Bc6 Nb6 28. Rxd6 Be7 29. Rd3 Rfd8 30. Rad1 Rxd3 31. Rxd3 Rd8 32. Rxd8+ Bxd8 33. Ke2 Be7 34. Nb1 Bc5 35. f3 f6 36.
Kd3 Kf8 37. Nd2 a4 38. Kc3 Ke7 39. Kb2 Kd6 40. Nf1 Bb4 41. Ne3 Kc5 42. Nf5 g6 43.
Ne7 Kc4 44. Nd5 Nxd5 45. exd5 Bd6 46. b6 Kb4 47. b7 a3+ 48. Ka2 f5 49. Bd7 e4 50.
fxe4 fxe4 51. Bg4 e3 52. Bf3 Bxh2 53. g4 Bb8 54. g5 Bd6 55. Bg4 Bb8 56. Bf3 Bd6 57.
Bg4 Bb8 58. Bf3 1/2-1/2

[Event "Early-Titled-Tuesday-Blitz-March-19-2024"]
[Site "Chess.com"]
[Date "2024.03.19"]
[Round "2"]
[White "JonasEilenberg"]
[Black "Sattarov_Bobur"]
[Result "0-1"]
[WhiteElo "2581"]
[BlackElo "2827"]
[TimeControl "180+1"]
[EndTime "8:18:54 PDT"]
[Termination "Sattarov_Bobur won by resignation"]

1. d4 Nf6 2. Nf3 c5 3. d5 g6 4. c4 Bg7 5. Nc3 d6 6. e4 O-O 7.
h3 e6 8. Bd3 Nbd7 9. O-O e5 10.
Be3 Nh5 11. g3 h6 12. Qd2 Ndf6 13. Kg2 Nh7 14. Bxh6 f5 15. Bxg7 Kxg7 16. a3 f4 17. b4 b6 18. g4 N5f6 19. Rh1 Rh8 20. Rag1 Bd7 21. Kf1 Nf8 22. Ke1 cxb4 23. axb4 a5 24. b5 Qc7 25. Na4 Be8 26. h4 N6d7 27. h5 Nc5 28.
Qc2 Nxa4 29. Qxa4 Nd7 30. hxg6 Rxh1 31. Rxh1 Bxg6 32. Ng5 Nc5 33. Qa3 Qe7 34. Nf3 Rh8 35. Rxh8 Kxh8 36. Qc3 Qh7 37. Nxe5 dxe5 38. Qxe5+ Qg7 39.
Qb8+ Kh7 40. Bc2 f3 41. Qh2+ Kg8 42. Qb8+ Qf8 43. Qe5 a4 44. Qg5 Kh7 45. Qh4+ Kg7 46. Qg5 Qf6 47. Qxf6+ Kxf6 48. e5+ Kg5 49. Bxa4 Nxa4 50.
Kd2 Kf4 51. e6 Nc5 52. d6 Ne4+ 53. Kd3 Ke5 54. d7 Nc5+ 55. Ke3 Nxe6 56. Kxf3 Bd3 57. g5 Bxc4 58. g6 Kf6 59. Ke4 Bxb5 60. Kd5 Bxd7 61.
Kd6 Be8 62. g7 Nxg7 63. f4 0-1

[Event "Early-Titled-Tuesday-Blitz-March-19-2024"]
[Site "Chess.com"]
[Date "2024.03.19"]
[Round "2"]
[White "le-castor-faineant"]
[Black "GameOverBro"]
[Result "1-0"]
[WhiteElo "2293"]
[BlackElo "2590"]
[TimeControl "180+1"]
[EndTime "8:18:54 PDT"]
[Termination "le-castor-faineant won by resignation"]

1. e4 c5 2. Nc3 Nc6 3. Nf3 e6 4. Be2 a6 5. a4 Qc7 6. O-O Nf6 7. d3 Bd6 8. h3 Rg8 9. d4 cxd4 10. Nxd4 Nxd4 11. Qxd4 Be5 12. Qd3 g5 13. Be3 b6 14.
Bd4 Bb7 15. Bxe5 Qxe5 16. Bf3 h5 17. Qe3 g4 18. hxg4 hxg4 19. Be2 Rh8 20. Qg3 Qxg3 21.
fxg3 Nxe4 22. Bxg4 Nxc3 23. bxc3 Rc8 24. Ra3 Rg8 25. Bf3 Bxf3 26. Rxf3 f5 27. Rb3 Rc6 28.
Kf2 Rg4 29. Rf4 e5 30. Rxf5 d6 31. Rb4 Rcc4 32. Rxb6 Ke7 33. Rxa6 Rxc3 34. Rf3 Rxc2+ 35. Kg1 Ra2 36. a5 Rga4 37. Ra7+ Ke6 38. Rd3 e4 39. Rd1 d5 40. Ra8 Rxa5 41. Rd8 e3 42. Re8+ Kd6 43.
Rxe3 R5a4 44. Red3 Ra5 45. R3d2 R2a4 46. Kf2 Re4 47.
Rd4 Ra2+ 48. R1d2 Rxd2+ 49. Rxd2 d4 50. Kf3 Re3+ 51. Kf4 Kd5 52. g4 Kc4 53. g5 Kc3 54. Rd1 Re2 55. g4 d3 56. g6 Kc2 57. Ra1 d2 58. g7 Re8 59. Kf5 d1=Q 60. Rxd1 Kxd1 61.
Kf6 Ke2 62. Kf7 Re4 63. g8=Q Kf3 64. g5 Kf4 65. g6 Re5 66. Kg7 Rf5 67. Kh8 Kg5 68.
g7 Kh6 69. Qh7+ Kg5 70. Qxf5+ Kxf5 71. g8=Q 1-0

[Event "Early-Titled-Tuesday-Blitz-March-19-2024"]
[Site "Chess.com"]
[Date "2024.03.19"]
[Round "2"]
[White "DraningWaterHi"]
[Black "KetiTsatsalashvili"]
[Result "1-0"]
[WhiteElo "2236"]
[BlackElo "2490"]
[TimeControl "180+1"]
[EndTime "8:18:54 PDT"]
[Termination "DraningWaterHi won on time"]

1. d4 Nf6 2. Bf4 c5 3. e3 e6 4. c3 Nc6 5. Nf3 cxd4 6. exd4 d5 7. Nbd2 Bd6 8. Ne5 Bxe5 9. dxe5 Nd7 10. Nf3 Qb6 11.
Qd2 Nc5 12. Be2 Ne4 13. Qe3 Qxb2 14. Rc1 Qb6 15. Nd4 Nxc3 16. Nxc6 Nxe2 17. Qxe2 bxc6 18.
Be3 Qc7 19. Bc5 Qa5+ 20. Qd2 Qxd2+ 21. Kxd2 Ba6 22. Rb1 Kd7 23. f4 Rab8 24. Bxa7 Rxb1 25. Rxb1 Ra8 26. Bc5 Bb5 27. a3 Ra4 28. Bb4 d4 29. g3 d3 30. Rc1 Ra8 31. Rc5 f6 32. exf6 gxf6 33. Rh5 Rh8 34. Bc3 Ke7 35. g4 Kf7 36. g5 e5 37. fxe5 fxe5 38. Bxe5 Re8 39. Rxh7+ Kg6 40. Rg7+ Kf5 41. Bd4 Re2+ 42. Kc3 Rc2+ 43. Kb3 Rxh2 44. Bc3 c5 45. a4 c4+ 46. Kb4 Ba6 47.
Ra7 Bc8 48. Ra5+ Kg6 49. Kxc4 Bf5 50. Ra6+ Kxg5 51. Rd6 Rh4+ 52. Rd4 Rh1 53. Rd8 Rh7 54. a5 Rc7+ 55. Kb4 Rb7+ 56. Ka4 Rc7 57. Bd2+ Kg4 58. a6 Bd7+ 59. Ka5 Kf3 60. Kb6 Rc6+ 61. Kb7 Rc2 62. Ba5 Rb2+ 63. Kc7 Bb5 64. a7 Rc2+ 65. Kb6 Bc6 66. Rxd3+ Ke2 67. Rb3 Bf3 68. Rxf3 Kxf3 69. a8=Q+ Ke2 70. Qe4+ Kd1 71. Qd3+ Kc1 72. Bc3 1-0

[Event "Early-Titled-Tuesday-Blitz-March-19-2024"]
[Site "Chess.com"]
[Date "2024.03.19"]
[Round "2"]
[White "KVAIDAN"]
[Black "SuperPower2011"]
[Result "0-1"]
[WhiteElo "2323"]
[BlackElo "2760"]
[TimeControl "180+1"]
[EndTime "8:18:56 PDT"]
[Termination "SuperPower2011 won by checkmate"]

1. f4 Nf6 2. Nf3 e6 3. b3 c5 4. Bb2 Nc6 5. e3 Be7 6. Bb5 Qc7 7. O-O O-O 8. a4 a6 9. Bxc6 Qxc6 10. Na3 b6 11. Ne5 Qc7 12. Nac4 Bb7 13. a5 b5 14.
Nb6 Rad8 15. Qe1 d6 16. Nf3 Ne8 17. Qg3 Bf6 18. c3 d5 19. Ne5 Nd6 20. Ba3 Ne4 21. Qe1 Bxe5 22. fxe5 Qxe5 23. d4 Qc7 24. Rf3 Rfe8 25.
Rh3 cxd4 26. cxd4 Qc2 27. Rb1 Qa2 28. Bb4 Nf2 29. Rf3 Nd3 30. Ra1 Qxb3 31. Qf1 Nxb4 32. Rb1 Qc3 33. Rc1 Qd2 34. Rc7 f5 35. Rxb7 Nc2 36.
Qf2 Qd1+ 37. Qf1 Qd2 38. Qf2 Qc1+ 39. Qf1 Ne1 40. Rg3 g6 41. e4 dxe4 42. Nd7 Rxd7 43. Rxd7 Rc8 44. d5 exd5 45. Qxf5 Nd3+ 46. Qf1 Qc5+ 47.
Kh1 Nf2+ 48. Kg1 Ng4+ 49. Kh1 Qf2 50. Qxf2 Rc1+ 51. Qg1 Nf2# 0-1

[Event "Early-Titled-Tuesday-Blitz-March-19-2024"]
[Site "Chess.com"]
[Date "2024.03.19"]
[Round "2"]
[White "Legendinunknown"]
[Black "StankovicIvan"]
[Result "1/2-1/2"]
[WhiteElo "2821"]
[BlackElo "2546"]
[TimeControl "180+1"]
[EndTime "8:18:56 PDT"]
[Termination "Game drawn - insufficient material"]

1. e4 c5 2. Nf3 Nc6 3. d4 cxd4 4.
Nxd4 g6 5. c4 Bg7 6. Be3 Qb6 7.
Nb3 Qc7 8. Nc3 Bxc3+ 9. bxc3 Nf6 10. f3 d6 11. Be2 Ne5 12. c5 dxc5 13. Bxc5 b6 14.
Bd4 O-O 15. O-O Be6 16. f4 Nc6 17. Bxf6 exf6 18. f5 Bxb3 19. axb3 Ne5 20. Qc1 Rac8 21. c4 g5 22. h4 h6 23. Qe3 Rfd8 24. Rfd1 Rxd1+ 25. Rxd1 Rd8 26. Rd5 Rxd5 27. exd5 Qc5 28. Kf2 Kf8 29.
g3 Ke7 30. Bh5 Kd6 31. Ke2 Qxe3+ 32. Kxe3 Kc5 33. Be2 a5 34. Ke4 Kb4 35. Bd1 Kc5 36.
Ke3 Nd7 37. Be2 Nb8 38. Bh5 Kb4 39. Bxf7 Kxb3 40. d6 Kb4 41. Be8 a4 42. Kd2 a3 43.
Kc2 Kxc4 44. Kb1 b5 45. Ka2 b4 46. Ba4 Kd5 47. d7 Nxd7 48. Bxd7 Ke4 49. Kb3 Kf3 50. hxg5 hxg5 51. Be6 Kxg3 52. Kxb4 Kf4 53. Kxa3 g4 54. Kb4 g3 55. Bd5 Kxf5 56. Kc3 Kg4 57. Kd2 f5 58. Ke2 f4 59. Bf3+ Kh3 60. Kf1 Kh2 61.
Bg2 f3 62. Bxf3 g2+ 63. Bxg2 1/2-1/2

[Event "Early-Titled-Tuesday-Blitz-March-19-2024"]
[Site "Chess.com"]
[Date "2024.03.19"]
[Round "2"]
[White "VladimirKramnik"]
[Black "TregubovP"]
[Result "1-0"]
[WhiteElo "3041"]
[BlackElo "2685"]
[TimeControl "180+1"]
[EndTime "8:18:57 PDT"]
[Termination "VladimirKramnik won on time"]

1. e4 c5 2. Nf3 e6 3. c3 d5 4.
exd5 exd5 5. d4 Nc6 6. Bb5 Bd6 7.
O-O Ne7 8. dxc5 Bxc5 9. Nbd2 O-O 10. Nb3 Bd6 11. Bd3 h6 12. h3 Bf5 13. Re1 Re8 14.
Bxf5 Nxf5 15. Rxe8+ Qxe8 16. Qxd5 g6 17. Bd2 Rd8 18. Qb5 a6 19. Qxb7 Ne5 20. Re1 Rd7 21. Qe4 Re7 22. Nxe5 Rxe5 23. Qb1 Nh4 24. Nd4 Qa8 25.
f3 Qd5 26. Rxe5 Qxe5 27. f4 Qd5 28. Qf1 Qxa2 29. Be1 Be7 30. Qe2 Bf6 31. Bxh4 Bxh4 32. Kh2 Bf6 33. Nf3 Kg7 34. Ne5 Qd5 35. Qc4 Qb7 36.
b4 g5 37. Ng4 gxf4 38. Nxf6 Kxf6 39. Qxf4+ Kg7 40. Qg3+ Kf8 41. Qd6+ Kg7 42. c4 Qe4 43. Qg3+ Kf8 44. Qc3 Qf4+ 45. Kg1 Qc7 46. c5 Qc6 47.
Qh8+ Ke7 48. Qe5+ Kf8 49. Kh2 Kg8 50. Kg3 Qb5 51. Qd4 Qc6 52. Qd6 Qb5 53. c6 Qc4 54. c7 Qc3+ 55. Kh2 Kh7 56. Qc5 1-0

[Event "Early-Titled-Tuesday-Blitz-March-19-2024"]
[Site "Chess.com"]
[Date "2024.03.19"]
[Round "2"]
[White "BardArtem"]
[Black "Ginger_GM"]
[Result "1-0"]
[WhiteElo "2831"]
[BlackElo "2583"]
[TimeControl "180+1"]
[EndTime "8:18:57 PDT"]
[Termination "BardArtem won by resignation"]

1. e4 c5 2. c3 d5 3. exd5 Nf6 4. Bb5+ Nbd7 5. Nf3 a6 6. Be2 Nxd5 7. d4 cxd4 8. Qxd4 e6 9. O-O Qf6 10. Nbd2 Qxd4 11. Nxd4 Be7 12. Bf3 N7f6 13. a4 O-O 14. Nc4 Bc5 15. Nb3 Ba7 16. Nd6 Rd8 17. Nxc8 Raxc8 18. Bg5 Rd7 19. Rad1 Rc4 20. Bxf6 gxf6 21. Bxd5 exd5 22. a5 Re4 23. Rd2 Kg7 24. g3 f5 25. Rfd1 f4 26. Kf1 fxg3 27. hxg3 Re5 28. f4 Re3 29. Rxd5 Rxd5 30. Rxd5 Rxg3 31. Rd7 Be3 32.
Rxb7 Bxf4 33. Nc5 h5 34. Ne6+ Kf6 35. Nxf4 Rf3+ 36. Kg2 Rxf4 37. Rb6+ Kg5 38. Rxa6 h4 39.
Ra8 Re4 40. b4 Kf4 41. a6 Re2+ 42. Kh3 Re3+ 43. Kxh4 Rxc3 44. a7 Rc7 45. b5 f5 46.
Kh5 Rh7+ 47. Kg6 Rb7 48. Kf6 Rb6+ 49. Ke7 Ke5 50. Rb8 Re6+ 51. Kd7 Rd6+ 52. Kc7 Re6 53. a8=Q f4 54. Re8 Kf6 55. Rxe6+ Kf7 56. Qf3 Kxe6 57. b6 1-0

[Event "Early-Titled-Tuesday-Blitz-March-19-2024"]
[Site "Chess.com"]
[Date "2024.03.19"]
[Round "2"]
[White "NowInChess"]
[Black "Mops_2004"]
[Result "0-1"]
[WhiteElo "2256"]
[BlackElo "2742"]
[TimeControl "180+1"]
[EndTime "8:18:57 PDT"]
[Termination "Mops_2004 won by checkmate"]

1. e4 c5 2. d3 Nc6 3. g3 d5 4. Nd2 Nf6 5. Bg2 g6 6. Ngf3 Bg7 7. O-O O-O 8. Re1 e6 9. c3 a5 10.
a4 b6 11. h4 Ba6 12. e5 Nd7 13. d4 Rc8 14. Bf1 Bxf1 15. Nxf1 cxd4 16. cxd4 f6 17.
Bf4 fxe5 18. Nxe5 Ncxe5 19. Bxe5 Nxe5 20. dxe5 Rc4 21. b3 Re4 22. f4 Rxe1 23. Qxe1 Rf7 24.
Ne3 h5 25. Nc2 Bf8 26. Nd4 Bc5 27. Qd2 b5 28. Kg2 Bxd4 29. Qxd4 b4 30. Qd3 Kg7 31.
Rc1 Rc7 32. Rxc7+ Qxc7 33. Qa6 Kf7 34. Qa8 d4 35. Qh8 Qc2+ 36. Kh3 Qf5+ 37. Kg2 d3 38. Qd8 Qe4+ 39. Kh3 Qd5 40. Qc7+ Ke8 41. Qc8+ Ke7 42. Qc7+ Kf8 43. Qc8+ Kg7 44. Qc7+ Kh6 45. Qc8 Kg7 46. Qc7+ Kf8 47. Qc8+ Ke7 48. Qc7+ Qd7 49. Qc5+ Kf7 50. Qg1 d2 51. Qd1 Qd3 52. Kh2 Qe3 53. Qc2 Qe2+ 54. Kh3 Qf1+ 55. Kh2 Qe2+ 56. Kh3 d1=Q 57. Qc7+ Kg8 58. Qc8+ Kg7 59. Qc7+ Kh6 60. Qc8 Qh1# 0-1

[Event "Early-Titled-Tuesday-Blitz-March-19-2024"]
[Site "Chess.com"]
[Date "2024.03.19"]
[Round "2"]
[White "guillembaches"]
[Black "GOGIEFF"]
[Result "0-1"]
[WhiteElo "2560"]
[BlackElo "3002"]
[TimeControl "180+1"]
[EndTime "8:18:57 PDT"]
[Termination "GOGIEFF won on time"]

1. d4 Nf6 2. Nf3 e6 3. Bg5 h6 4.
Bh4 c5 5. e3 Qb6 6. Qc1 Nc6 7.
c3 d5 8. Nbd2 Bd7 9. Bd3 Rc8 10. Qb1 Nh5 11. O-O g5 12. Bg3 Nxg3 13. hxg3 Bg7 14. dxc5 Qxc5 15. e4 O-O 16. Nb3 Qd6 17.
exd5 exd5 18. Bh7+ Kh8 19. Bf5 Be6 20. Rd1 Ne7 21. Nbd4 Rce8 22. Qd3 Ng8 23. Re1 Nf6 24. Re2 Re7 25. Rae1 Rfe8 26. Re3 Qb6 27. Qc2 Kg8 28.
Bd3 Bf8 29. Bf5 Ng4 30. Bxg4 Bxg4 31. Rxe7 Rxe7 32. Rxe7 Bxe7 33. Ne5 Bc8 34. Nf5 Bf8 35. g4 Qf6 36. Nf3 h5 37. N3d4 hxg4 38. Ng3 Bd6 39.
Ngf5 Be5 40. Qd3 a6 41. a3 Be6 42. g3 b5 43. Kg2 Bd7 44. Ne3 Qd6 45. Ndf5 Qf6 46.
Nxd5 Bc6 47. Ne3 Qf3+ 48. Kg1 Bxg3 49. fxg3 Qxg3+ 50. Kf1 Qf3+ 51. Kg1 Bxd5 52. Qxd5 Qxe3+ 53. Kg2 Qf3+ 54. Qxf3 gxf3+ 55. Kxf3 f5 56. Ke3 Kf7 57. Kd3 g4 58. b3 g3 59. c4 g2 60. Ke2 g1=Q 0-1

[Event "Early-Titled-Tuesday-Blitz-March-19-2024"]
[Site "Chess.com"]
[Date "2024.03.19"]
[Round "2"]
[White "aljado"]
[Black "DanielTitichoca"]
[Result "1/2-1/2"]
[WhiteElo "2091"]
[BlackElo "2464"]
[TimeControl "180+1"]
[EndTime "8:18:57 PDT"]
[Termination "Game drawn - timeout vs insufficient material"]

1. e4 e5 2. Nf3 Nc6 3. Bb5 a6 4. Ba4 Nf6 5. O-O b5 6. Bb3 Bc5 7. c3 d6 8. d4 Bb6 9. dxe5 Nxe5 10. Nxe5 dxe5 11. Qxd8+ Kxd8 12. Bxf7 Ke7 13. Bb3 Bb7 14. Bg5 Rhf8 15. Nd2 h6 16. Bh4 Rad8 17. Rad1 g5 18. Bg3 Ng4 19. Nf3 Bxe4 20. Rxd8 Rxd8 21. Nxe5 Nxe5 22.
Bxe5 Rd2 23. Bg7 Rxb2 24. c4 Rd2 25. cxb5 axb5 26. Bxh6 Kf6 27. h4 Kg6 28. Bxg5 Rb2 29. Bf4 c5 30. Be3 Re2 31. h5+ Kxh5 32. Bd1 Bd3 33. Bxe2+ Bxe2 34. Rb1 Kg4 35. Rb2 Bd3 36. f3+ Kf5 37. Rd2 Bc4 38. Rd6 Bc7 39. Rc6 Bg3 40.
Rxc5+ Ke6 41. Bf2 Bd6 42. Rc6 Kd5 43. Rc8 Bxa2 44. g4 Bc4 45. g5 b4 46. g6 b3 47. g7 b2 48. g8=Q+ Ke5 49. Qg7+ Kd5 50. Qxb2 Be5 51. Qb6 Bd6 52. Rd8 Bf1 53. Qxd6+ Kc4 1/2-1/2

[Event "Early-Titled-Tuesday-Blitz-March-19-2024"]
[Site "Chess.com"]
[Date "2024.03.19"]
[Round "2"]
[White "Misterfox120"]
[Black "NikitaShnadrygin"]
[Result "1-0"]
[WhiteElo "2433"]
[BlackElo "2710"]
[TimeControl "180+1"]
[EndTime "8:19:01 PDT"]
[Termination "Misterfox120 won by resignation"]

1. d4 d5 2. Bf4 Nc6 3. e3 Nf6 4. Nf3 Bg4 5. Bb5 e6 6. O-O Bd6 7. Nbd2 O-O 8. c3 Ne7 9. Bd3 Ng6 10. Bxd6 cxd6 11. h3 Bxf3 12. Qxf3 Qb6 13. Rab1 e5 14. Bxg6 hxg6 15. dxe5 dxe5 16. e4 d4 17. cxd4 Qxd4 18.
Nb3 Qxe4 19. Qxe4 Nxe4 20. Rfe1 Nd6 21. Rxe5 Rac8 22. Rd5 Rc6 23. Rc1 Rfc8 24. Rxc6 Rxc6 25. Rc5 Rb6 26. Rc2 Nf5 27. Rd2 f6 28. f3 g5 29. Kf2 Kf7 30. Rd7+ Kg6 31. Rd2 Nd6 32. Rc2 Nf5 33. Rd2 a6 34. Nc5 Rb5 35. Ne4 Ne7 36. b3 Nc6 37. Nd6 Rb4 38. Nc4 b5 39. Ne3 Rd4 40. Rxd4 Nxd4 41. Nd5 Nc2 42. Nc7 Nb4 43. a3 Nc2 44. Nxa6 Nxa3 45. Nc7 Kf5 46. Ke3 Ke5 47. Kd3 Kd6 48. Na6 Kd5 49. Kc3 Nb1+ 50. Kc2 Na3+ 51.
Kb2 b4 52. Nxb4+ Kd4 53. Kxa3 Ke3 54. Nd5+ Kf2 55. b4 Kxg2 56. b5 Kxh3 57. b6 g4 58. fxg4 1-0

[Event "Early-Titled-Tuesday-Blitz-March-19-2024"]
[Site "Chess.com"]
[Date "2024.03.19"]
[Round "2"]
[White "LeoWin2012"]
[Black "andrzej"]
[Result "0-1"]
[WhiteElo "2199"]
[BlackElo "2495"]
[TimeControl "180+1"]
[EndTime "8:19:02 PDT"]
[Termination "andrzej won by checkmate"]

1. d3 e5 2. Nc3 Nf6 3. Bg5 d5 4. e4 d4 5. Nd5 Be7 6. Nxe7 Qxe7 7. f4 h6 8. Bh4 exf4 9. Nf3 g5 10. Bf2 c5 11.
Qd2 Nc6 12. O-O-O Ng4 13. Re1 Be6 14. a3 O-O-O 15. c3 Kb8 16. cxd4 cxd4 17. Kb1 Ne3 18. g3 Bg4 19. Be2 Bxf3 20. Bxf3 Ne5 21. Bd1 Rc8 22.
gxf4 gxf4 23. Bb3 Qc5 24. Rc1 Qb5 25. Bc4 Qb6 26. Ba2 a6 27. Bh4 Ka7 28. Be7 Rhe8 29. Bb4 Qb5 30. Bc4 N5xc4 31. dxc4 Rxc4 32. Rxc4 Qxc4 33. Rc1 Qe6 34. Qxd4+ Ka8 35. Rc7 Rc8 36. Qc3 Qxe4+ 37. Ka1 Qh1+ 38. Ka2 Qd5+ 39. Ka1 Rxc7 40. Qxc7 Qc4 41.
Bc5 Qc1+ 42. Ka2 Qc4+ 43. Ka1 Qf1+ 44. Ka2 Qc4+ 45. Kb1 Qe4+ 46. Ka2 Qe8 47. Bxe3 fxe3 48. Qc1 e2 49. Qe1 Qe6+ 50. Kb1 f5 51. Kc2 f4 52. Kd2 Qe3+ 53. Kc2 f3 54. Qb4 e1=Q 55. Qf8+ Ka7 56. b4 Q1d2+ 57. Kb1 Qb3+ 58. Ka1 Qba2# 0-1

[Event "Early-Titled-Tuesday-Blitz-March-19-2024"]
[Site "Chess.com"]
[Date "2024.03.19"]
[Round "2"]
[White "djokovic74"]
[Black "ploxoi"]
[Result "1-0"]
[WhiteElo "2744"]
[BlackElo "2420"]
[TimeControl "180+1"]
[EndTime "8:19:03 PDT"]
[Termination "djokovic74 won by resignation"]

1. c4 e6 2. Nf3 d5 3. g3 c6 4. Bg2 Nf6 5. d4 Nbd7 6. Nc3 Be7 7.
O-O O-O 8. Qd3 b6 9. e4 Bb7 10. e5 Ne8 11. cxd5 exd5 12. Re1 Nc7 13. h4 Ne6 14. h5 Re8 15. Be3 c5 16. dxc5 Ndxc5 17. Qd2 Ne4 18. Nxe4 dxe4 19. Nd4 Nxd4 20. Qxd4 Qxd4 21.
Bxd4 Bb4 22. Re3 Rad8 23. Bxe4 Rxd4 24. Bxb7 Rd2 25. Rc1 Bc5 26. Rf3 Rxe5 27. b4 Bxb4 28. Rc8+ Bf8 29. Ba6 b5 30. Ra8 Rd7 31. Rc3 Rxh5 32.
Rcc8 g6 33. Rxf8+ Kg7 34. Rfb8 Rd2 35. Rxb5 Rxb5 36. Bxb5 Rxa2 37. Kg2 h5 38. Bc4 Ra4 39. Bd5 Ra5 40. Bc4 Ra4 41. Rc8 Kf6 42. Rc7 a5 43.
Rxf7+ Kg5 44. Rc7 Ra3 45. Rc5+ Kh6 46. Rc6 Kg7 47. Bd5 Rd3 48. Rxg6+ Kf8 49. Be4 Rd4 50.
Kf3 a4 51. Ra6 Rb4 52. Kf4 Ke7 53. f3 Kf7 54. Kg5 Kg7 55. Kxh5 Rxe4 56. fxe4 1-0

[Event "Early-Titled-Tuesday-Blitz-March-19-2024"]
[Site "Chess.com"]
[Date "2024.03.19"]
[Round "2"]
[White "amanjazu"]
[Black "Pumpkin_in_moonlight"]
[Result "1-0"]
[WhiteElo "2526"]
[BlackElo "2255"]
[TimeControl "180+1"]
[EndTime "8:19:04 PDT"]
[Termination "amanjazu won on time"]

1. g3 c5 2. Bg2 Nc6 3. f4 d5 4.
Nf3 g6 5. O-O Bg7 6. d3 d4 7. c3 Nh6 8. e4 dxe3 9. Bxe3 Bf5 10. Bxc5 Qxd3 11. Na3 O-O 12. Re1 Qxd1 13. Raxd1 Rfd8 14. Nb5 Rxd1 15. Rxd1 a6 16. Nbd4 Be4 17. Nxc6 Bxc6 18.
Bxe7 Nf5 19. Bc5 Re8 20. Kf2 h6 21. Re1 Rd8 22. Bh3 Bf8 23. Bxf8 Kxf8 24. Bxf5 gxf5 25.
Nd4 Bd7 26. Re5 Bc8 27. Ke3 Kg7 28. Nxf5+ Bxf5 29. Rxf5 Rd1 30. Rc5 Rb1 31. b4 Ra1 32. Ra5 Rh1 33. h4 Rg1 34. Kf3 Rc1 35. Ra3 Rc2 36. Kg4 Kg6 37. h5+ Kf6 38. b5 axb5 39. Rb3 Kg7 40. a3 Ra2 41. Kf5 Rc2 42. g4 Rc1 43.
Ke4 Re1+ 44. Kd4 Rg1 45. Rxb5 Rxg4 46. Ke4 Rg3 47. Rc5 Rg1 48. a4 Re1+ 49. Kf5 Ra1 50.
a5 Rb1 51. c4 Rb2 52. Rb5 Rc2 53. c5 Ra2 54. Ke5 Rc2 55. Kd6 Rd2+ 56. Kc7 Rh2 57. Kxb7 Rxh5 58. a6 Rh1 59. a7 1-0

[Event "Early-Titled-Tuesday-Blitz-March-19-2024"]
[Site "Chess.com"]
[Date "2024.03.19"]
[Round "2"]
[White "Chernov_Alexander_A"]
[Black "TimGrutter03"]
[Result "0-1"]
[WhiteElo "2342"]
[BlackElo "2568"]
[TimeControl "180+1"]
[EndTime "8:19:06 PDT"]
[Termination "TimGrutter03 won by resignation"]

1. d4 Nf6 2. Nc3 g6 3. e4 d6 4. Bf4 Bg7 5. Qd2 Nc6 6. Nf3 Nxd4 7.
Qxd4 e5 8. Nxe5 Nd7 9. Nxf7 Bxd4 10. Nxd8 Bxc3+ 11. bxc3 Kxd8 12. O-O-O Rf8 13. Bg3 Ke8 14. f3 Nc5 15. e5 dxe5 16. Bxe5 Be6 17.
Bxc7 Kf7 18. Bd6 Rfc8 19. c4 Rc6 20. Be5 Nd7 21. Bb2 Nb6 22. Rd4 Bxc4 23. Bxc4+ Rxc4 24. Rxc4 Nxc4 25. Rd1 Re8 26. Rd7+ Re7 27. Rxe7+ Kxe7 28. Bd4 a6 29. c3 Ke6 30. Kc2 Kd5 31. Kd3 b5 32. f4 a5 33. g4 a4 34. f5 gxf5 35. gxf5 Nd6 36. f6 Ke6 37. a3 Nc4 38. Bc5 Kxf6 39.
Kd4 Ke6 40. Bf8 Kf7 41. Bb4 Ke6 42. Kc5 Nd6 43. Kc6 Nf5 44. Kxb5 Kd5 45. c4+ Ke6 46.
c5 Kd5 47. c6 Nd4+ 48. Kxa4 Nxc6 49. Kb5 Na7+ 50. Kb6 Nc6 51. Bf8 h5 52. a4 Ne5 53.
Ba3 Nc4+ 54. Kb7 Nxa3 55. a5 Nb5 56. Kb6 Nd6 57. a6 Ke6 58. a7 Nc8+ 59. Kb7 Nxa7 60. Kxa7 Kf5 61. Kb6 Kg4 62. Kc5 Kh3 63. Kd4 Kxh2 64.
Ke3 Kg3 65. Ke2 Kg2 66. Ke3 h4 67. Kf4 h3 0-1

[Event "Early-Titled-Tuesday-Blitz-March-19-2024"]
[Site "Chess.com"]
[Date "2024.03.19"]
[Round "2"]
[White "Daaksboy"]
[Black "JosefineHeinemann"]
[Result "0-1"]
[WhiteElo "1845"]
[BlackElo "2451"]
[TimeControl "180+1"]
[EndTime "8:19:07 PDT"]
[Termination "JosefineHeinemann won by checkmate"]

1. d4 Nf6 2. c4 e6 3. Bf4 Bb4+ 4.
Nd2 c5 5. a3 Bxd2+ 6. Qxd2 cxd4 7. Qxd4 O-O 8. Nf3 Nc6 9. Qd3 d5 10. cxd5 Nxd5 11. Bd2 Qb6 12. Qc2 e5 13. e4 Nf4 14. g3 Ne6 15. Bc4 Ned4 16. Nxd4 Nxd4 17. Qc3 Bg4 18. Be3 Nf3+ 19. Kf1 Bh3+ 20. Ke2 Nd4+ 21. Bxd4 exd4 22. Qd2 Bg2 23. Rhd1 Bxe4 24. Qxd4 Qg6 25. f3 Bc2 26. Rd2 Rfe8+ 27. Kf2 Qh5 28. Kg2 Bg6 29.
Rad1 h6 30. Qf4 b5 31. Rd5 bxc4 32. Rxh5 Bxh5 33. Qxc4 Rac8 34. Qd3 Bg6 35. Qd7 Re2+ 36. Kh3 Rcc2 37. Rh1 Rxb2 38. Qxa7 Kh7 39. a4 Rb3 40.
Qa8 Re5 41. g4 h5 42. Rg1 hxg4+ 43. Rxg4 Bf5 44. a5 Bxg4+ 45. Kxg4 Ra3 46. a6 Rea5 47.
Qe4+ g6 48. Qe7 Kg7 49. h4 Rxa6 50. h5 gxh5+ 51. Kg3 R3a5 52. Qe4 Rg6+ 53. Kh3 Rag5 54. Qd4+ Kh7 55. Qd7 Rf6 56. Qd3+ Kg7 57. Kh4 Rgf5 58.
Qd4 Rf4+ 59. Kxh5 Rxd4 60. Kg5 Rd5+ 61. Kg4 Rxf3 62. Kh4 Rd4+ 63. Kg5 f6+ 64. Kh5 Rf5# 0-1

[Event "Early-Titled-Tuesday-Blitz-March-19-2024"]
[Site "Chess.com"]
[Date "2024.03.19"]
[Round "2"]
[White "Grischuk"]
[Black "Rurep26"]
[Result "1-0"]
[WhiteElo "3099"]
[BlackElo "2719"]
[TimeControl "180+1"]
[EndTime "8:19:08 PDT"]
[Termination "Grischuk won by resignation"]

1. d4 e6 2. Bf4 Nf6 3. e3 b6 4. Qf3 d5 5. a3 Bd6 6. Nc3 Bxf4 7. Qxf4 O-O 8. Nf3 c5 9. g4 Ba6 10. g5 Nfd7 11. Bxa6 Nxa6 12. h4 Qe7 13. h5 f6 14.
Qg3 f5 15. Ne2 Rac8 16. c3 Nab8 17. Nf4 Nc6 18. Kf1 Rfe8 19. Kg2 Na5 20. Nh4 Nf8 21. Nd3 Nc4 22. a4 Nd6 23. Qf4 Ne4 24. Nf3 a5 25. Nde5 Nd7 26. Nxd7 Qxd7 27. Ne5 Qe7 28. g6 h6 29. f3 Nd6 30. Qh4 cxd4 31. Qxe7 Rxe7 32. exd4 Nc4 33. Nxc4 Rxc4 34. Rhe1 Kf8 35. Kg3 Ke8 36. Kf4 Kd7 37. Ke3 Kd6 38. Kd3 Rc6 39. Re5 Kd7 40.
Rae1 Kd6 41. b3 Kd7 42. c4 dxc4+ 43. bxc4 Rd6 44. d5 Kc7 45. Kd4 Kd7 46. f4 Kc7 47. c5 bxc5+ 48. Kxc5 Kd7 49. Rxe6 Rexe6 50. Rxe6 Rxe6 51. dxe6+ Kxe6 52. Kc6 Ke7 53. Kb5 Kd6 54.
Kxa5 Kc5 55. Ka6 Kc6 56. a5 Kc7 57. Kb5 Kb7 58. Kc5 Ka6 59. Kd5 Kxa5 60. Ke6 Kb5 61. Kxf5 Kc4 62. Ke6 Kd4 63. f5 1-0

[Event "Early-Titled-Tuesday-Blitz-March-19-2024"]
[Site "Chess.com"]
[Date "2024.03.19"]
[Round "2"]
[White "Winner_7777"]
[Black "Antipov_Mikhail_Al"]
[Result "1-0"]
[WhiteElo "2649"]
[BlackElo "2912"]
[TimeControl "180+1"]
[EndTime "8:19:09 PDT"]
[Termination "Winner_7777 won by resignation"]

1. d4 Nf6 2. c4 e6 3. Nc3 Bb4 4. f3 O-O 5. a3 Bxc3+ 6. bxc3 Nc6 7. e4 Ne8 8. e5 d6 9. f4 dxe5 10.
fxe5 f6 11. Nf3 fxe5 12. dxe5 Qxd1+ 13. Kxd1 b6 14. Bd3 Ba6 15. Re1 Rd8 16. Kc2 Na5 17.
Bg5 Rxd3 18. Kxd3 h6 19. Be3 Nxc4 20. Kc2 c5 21. a4 Nc7 22. Rad1 Nd5 23. Bc1 Na5 24.
Re4 Bc4 25. Rde1 Rd8 26. Rg4 Kh7 27. Nd2 Bd3+ 28. Kb2 Rd7 29. Ne4 Nc4+ 30. Kb3 Ne7 31. Nd6 Nxd6 32. exd6 Rxd6 33. Bf4 Rd7 34. Rg3 c4+ 35.
Kb2 Bf5 36. Be5 Nc6 37. Rge3 Rd2+ 38. Ka3 Rxg2 39. Rg3 Rxg3 40. Bxg3 Kg6 41. Rd1 e5 42. Rd6+ Kg5 43. Rxc6 e4 44. Rxc4 Kg4 45. Rd4 g5 46. Kb4 h5 47. c4 h4 48. Be1 Kf3 49. Rd5 Kf4 50. Bd2+ Kg4 51. c5 bxc5+ 52. Kxc5 h3 53. Kd4 Bc8 54. Rxg5+ Kf3 55. Rg3+ Ke2 56. Be3 Bd7 57.
Kxe4 Bxa4 58. Rxh3 a5 59. Rg3 Bc6+ 60. Kd4 a4 1-0